AoeStats
← DS_CuervoNegro

Arena

510569940Analyzed
1v1 RM · 12h ago on Oct 1, 2026· 28m 39s· 2 players
Game mode
Random Map
Map size
Tiny (2 player)
Population
200
Speed
Normal
Resources
Standard
Victory
Conquest
Starting age
Dark Age
Ending age
Imperial Age
RankedLock teamsTeams togetherTeam positionsShared explorationLock speedFull tech treeHidden civsTurbo modeCheats
Victory
Defeat
🇦🇷 Turks · Argentina
804
+17
🇪🇸 Maya · Spain
815
-17
DS_CuervoNegro
12:09 Feudal Age
13:14 Double-Bit Axe
16:37 Castle Age
18:19 Bow Saw
25:14 Gold Mining
CBarkley23
0:37 Loom
11:12 Feudal Age
12:28 Wheelbarrow
11:40 Double-Bit Axe
11:46 Gold Mining
11:52 Horse Collar
20:34 Castle Age
19:20 Forging
19:13 Scale Mail Armor
20:12 Fletching
20:23 Padded Archer Armor
25:18 Elite Skirmisher
25:56 Bodkin Arrow
Connection lost

Rejoining the realm…

Still unreachable

The connection could not be restored.

Session expired

The server has moved on; the page needs a fresh start.